 Dungeon Crawl Stone Soup version 0.31.0-32-g396128a36d (webtiles) character file.

Game seed: 13083141533117703649

290 spaghetti the Trooper (level 6, 0/58 HPs)
             Began as a Naga Chaos Knight on Mar 9, 2024.
             Was a Plaything of Xom.
             Slain by an orc wizard
             ... wielding a +0 dagger
              (2 damage)
             ... on level 4 of the Dungeon.
             The game lasted 00:04:17 (2533 turns).

spaghetti the Trooper (Naga Chaos Knight)           Turns: 2533, Time: 00:04:18

Health: 0/58       AC:  6    Str: 14 (15) XL:     6   Next: 32%
Magic:  6/6        EV:  9    Int: 14      God:    Xom [*.....]
Gold:   348        SH:  0    Dex: 16      Spells: 5/5 levels left

rFire   + . .        f - staff of fire
rCold   . . .        (no shield)
rNeg    . . .        b - +3 leather armour
rPois   +            (no helmet)
rElec   .            (no cloak)
rCorr   .            (no gloves)
SInv    +            (no barding)
Will    .....        g - amulet of magic regeneration
Stlth   +            h - +6 ring of dexterity
HPRegen 0.29/turn    (no ring)
MPRegen 0.50/turn

%: no passive effects
@: very slow
A: AC +2, large, see invisible, deformed body, poison resistance, slowness 2,
spit poison 1, naga tail 1, deterioration 1, evolution 1
a: Spit Poison, Renounce Religion


You were on level 4 of the Dungeon.
You worshipped Xom.
You were a special plaything of Xom.
You visited 1 branch of the dungeon, and saw 6 of its levels.

You collected 348 gold pieces.

Inventory:

Hand Weapons
 a - a +0 spear of chaos
 d - a +3 mace
Missiles
 e - 2 javelins
Armour
 b - a +3 leather armour (worn)
Magical Staves
 f - a staff of fire (weapon)
Jewellery
 g - an amulet of magic regeneration (around neck)
 h - a +6 ring of dexterity (left hand)
 i - a ring of ice
Scrolls
 l - a scroll of identify
 n - a scroll of revelation


   Skills:
 - Level 4.5 Fighting
 - Level 3.0(3.7) Polearms
 + Level 3.3(3.9) Staves
 - Level 1.5 Armour
 - Level 0.7 Dodging
 + Level 3.3 Evocations


You had 5 spell levels left.
You didn't know any spells.
Your spell library contained the following spells:

 Spells                   Type           Power      Damage    Failure   Level
 Inner Flame              Hex/Fire       0%         N/A       71%         3
 Irradiate                Conj/Alch      0%         3d11      100%        5
 Malign Gateway           Summ/Tloc      0%         N/A       100%        7
 Ignition                 Fire           0%         3d3       100%        8
 Summon Horrible Things   Summ           0%         N/A       100%        8


Dungeon Overview and Level Annotations

Branches:
Dungeon (6/15)
 Temple: D:4-7

Altars:


Innate Abilities, Weirdness & Mutations

Your serpentine skin is tough. (AC +2)
You have supernaturally acute eyesight. (SInv)
Armour fits poorly on your strangely shaped body.
Your system is resistant to poisons. (rPois)
You cover ground very slowly.
You can spit poison.
You have a snake-like lower body.
Your body sometimes deteriorates upon taking damage.
You have hidden genetic potential.


Message History

There is a stone staircase leading up here.
The orc misses your butterfly. The orc wizard misses you.
The adder misses your butterfly. The scorpion misses your butterfly.
The adder closely misses your butterfly.
The orc barely misses your butterfly.
The orc completely misses your butterfly. x2
The orc misses your butterfly. x2
The orc wizard closely misses your butterfly.
The orc priest invokes the aid of Beogh against you.
Beogh smites you!
* * * LOW HITPOINT WARNING * * *
You climb upwards.
Your summoned allies are left behind.
Found a stone staircase leading down.
The stone staircase leading down slides away from you right after you climb it!
Unknown command.
Unknown command.
Unknown command.
A hound comes into view.
The stone staircase leading down slides away as you move onto it!
The orc priest hits you but does no damage.
The orc wizard hits you but does no damage.
A kobold comes into view. It is wielding a +0 club.
The orc priest calls down the wrath of Beogh upon you.
Beogh smites you!
* * * LOW HITPOINT WARNING * * *
Xom is amused.
An orc comes into view. It is wielding a +0 dagger.
The kobold shouts!
You hear a bark!
There is a stone staircase leading down here.
You aren't carrying any potions.
Okay, then.
The hound barks!
You hear a shout!
The kobold hits you but does no damage.
Unknown command.
A hobgoblin comes into view.
The kobold misses you.
The orc wizard attacks as it pursues you!
The orc wizard hits you with a +0 dagger.
You die...
Xom cackles wildly!

# .# .# #.
######.#
..g.#.##.......
..............#
#@K# .#
..###ho###.###
#..o....>h....#
#..###..o.....#
# ##.###.#.#
...# .# # #####
h# .# .#


You could see 2 hounds, an orc priest, an orc wizard (invisible), a hobgoblin
and a kobold.

Vanquished Creatures
  A centaur (D:5)
  A phantom (D:6)
  A scorpion (D:6)
  A hound (D:6)
  An adder (D:2)
  An orc (D:3)
  2 bats (D:1)
  10 endoplasms
  2 giant cockroaches
  4 goblins
  2 hobgoblins
  2 kobolds
  2 quokkas
  4 frilled lizards
  2 rats (D:1)
36 creatures vanquished.

Vanquished Creatures (collateral kills)
  A ribbon worm (D:3)
1 creature vanquished.

Grand Total: 37 creatures vanquished

Notes
Turn   | Place    | Note
-------+----------+-------------------------------------------
     0 | D:1      | spaghetti the Naga Chaos Knight began the quest for the
                  | Orb.
     0 | D:1      | Reached XP level 1. HP: 21/21 MP: 1/1
    99 | D:1      | Reached XP level 2. HP: 22/28 MP: 2/2
   477 | D:1      | XOM: summons 2 hostile demons
   488 | D:1      | HP: 1/30 [white imp[Xom] (3)]
   690 | D:1      | XOM is BORED!
   742 | D:2      | Reached skill level 4 in Fighting
   742 | D:2      | Reached XP level 3. HP: 36/36 MP: 3/3
  1068 | D:2      | Gained mutation: Your flesh is heat resistant. (rF+)
                  | [potion of mutation]
  1121 | D:2      | XOM: god gift: twisted smoking staff {god gift}
  1289 | D:3      | XOM: summons friendly quasit
  1380 | D:3      | You fall into a shaft and drop 3 floors!
  1406 | D:5      | Entered Level 5 of the Dungeon
  1406 | D:5      | Noticed a centaur
  1441 | D:6      | XOM: noise
  1517 | D:6      | Noticed a scorpion
  1533 | D:6      | Killed a scorpion
  1534 | D:6      | Reached skill level 1 in Staves
  1534 | D:6      | Reached skill level 1 in Evocations
  1534 | D:6      | Reached XP level 4. HP: 20/45 MP: 4/4
  1615 | D:6      | XOM: god gift: scroll labelled SAUTHR IRIPH {god gift}
  1621 | D:6      | XOM: blink monster(s)
  1644 | D:6      | Reached XP level 5. HP: 18/51 MP: 5/5
  1736 | D:6      | XOM: give mutations
  1736 | D:6      | Lost mutation: Your flesh is heat resistant. (rF+) [Xom's
                  | mischief]
  1736 | D:6      | Gained mutation: You are vulnerable to heat. (rF-) [Xom's
                  | mischief]
  1736 | D:6      | Gained mutation: Your health recovers twice as slowly from
                  | being drained. [Xom's mischief]
  1736 | D:6      | Gained mutation: Your magical capacity is low. (-10% MP)
                  | [Xom's mischief]
  1768 | D:5      | Killed a centaur
  1805 | D:5      | XOM: silly message
  1915 | D:6      | Noticed a phantom
  1918 | D:6      | XOM: silly message
  1942 | D:6      | Lost mutation: Your health recovers twice as slowly from
                  | being drained. [potion of mutation]
  1942 | D:6      | Lost mutation: Your magical capacity is low. (-10% MP)
                  | [potion of mutation]
  1942 | D:6      | Lost mutation: You are vulnerable to heat. (rF-) [potion of
                  | mutation]
  1942 | D:6      | Gained mutation: Your health recovers twice as slowly from
                  | being drained. [potion of mutation]
  1942 | D:6      | Gained mutation: Your body sometimes deteriorates upon
                  | taking damage. [potion of mutation]
  1942 | D:6      | Gained mutation: You have hidden genetic potential. [potion
                  | of mutation]
  1958 | D:6      | Killed a phantom
  1959 | D:6      | Reached XP level 6. HP: 15/58 MP: 6/6
  2308 | D:6      | XOM: give mutation
  2308 | D:6      | Lost mutation: Your health recovers twice as slowly from
                  | being drained. [Xom's mischief]
  2487 | D:5      | XOM: 2-stop teleportation journey
  2488 | D:5      | XOM: summons 3 hostile demons
  2496 | D:5      | XOM: enchant monster (bad)
  2510 | D:5      | XOM: swap monsters
  2514 | D:5      | XOM: repel stairs
  2531 | D:4      | HP: 2/58 [orc priest/divine providence (13)]
  2533 | D:4      | Slain by an orc wizard

Illustrated notes

Levels and vault maps discovered:
D:1:      dpeg_arrival_pits, layout_loops_ring, minmay_split_cup_small
D:2:      layout_basic, kennysheep_path_1, minmay_heptomino_d4
D:3:      layout_basic
D:4:      layout_loops_ring, nicolae_gozag_cash_rules_everything_around_me,
          temple_statues, serial_shops, shop, shop
D:5:      layout_cave_pods, hangedman_decor_clover_reticule,
          serial_library_hellmonk_long_bookcase
D:6:      layout_basic, minmay_crystal_water

Skill      XL: |  1  2  3  4  5 |
---------------+----------------+-----
Fighting       | 4 |  4.5
Staves         | 1 2 3 |  3.3
Evocations     | 1 2 3 |  3.3
Polearms       | |  3.0
Armour         | |  1.5
Dodging        | |  0.7

Action                     |  1- 3 |  4- 6 || total
---------------------------+-------+-------++-------
  Melee: Mace              |    73 |       ||    73
         Staff             |    20 |    76 ||    96
         Punch             |     1 |     1 ||     2
Ability: Spit Poison       |       |     7 ||     7
    Use: Potion            |     9 |     1 ||    10
         Scroll            |     4 |     7 ||    11
 Armour: Leather armour    |    66 |   121 ||   187
         Skin              |    12 |       ||    12
  Dodge: Dodged            |    50 |    60 ||   110
